TOP OF THE 1ST |
West Virginia Power batting - Pitching for BlackIron Dragons : RHP Jeff Townsend
|
Pitching: RHP Jeff Townsend
|
|
Batting: RHB Alfonso Huertas
|
0-0: Called Strike 0-1: Ball 1-1: Swinging Strike 1-2: Foul Ball, location: 2F 1-2: Foul Ball, location: 2F 1-2: Foul Ball, location: 2F 1-2: SINGLE (Groundball, 4MD)
|
Batting: RHB Eric Johnson
|
0-0: Ball 1-0: Foul Ball, location: 2F 1-1: Swinging Strike 1-2: Foul Ball, location: 2F 1-2: Ball 2-2: Ball 3-2: Fly out, F8 (Popup, 8RS)
|
Batting: RHB Vicente Torres
|
0-0: Ground out 6-3 (Groundball, 6M) Alfonso Huertas to second
|
Batting: RHB Cristián Herrera
|
0-0: Ball 1-0: Foul Ball, location: 2F 1-1: Called Strike 1-2: Fly out, F6 (Popup, 6D)
|
Top of the 1st over - 0 run(s), 1 hit(s), 0 error(s), 1 left on base; West Virginia 0 - BlackIron 0 |
BOTTOM OF THE 1ST |
BlackIron Dragons batting - Pitching for West Virginia Power : RHP Mark Sanders
|
Pitching: RHP Mark Sanders
|
|
Batting: RHB Lúcio García
|
0-0: Foul Ball, location: 2F 0-1: Ball 1-1: Swinging Strike 1-2: Strikes out swinging
|
Batting: RHB Manuel Torres
|
0-0: Called Strike 0-1: Ground out 6-3 (Groundball, 6)
|
Batting: LHB Ralph Schultz
|
0-0: Called Strike 0-1: Ball 1-1: Called Strike 1-2: Strikes out swinging
|
Bottom of the 1st over - 0 run(s), 0 hit(s), 0 error(s), 0 left on base; West Virginia 0 - BlackIron 0 |
TOP OF THE 2ND |
West Virginia Power batting - Pitching for BlackIron Dragons : RHP Jeff Townsend
|
Batting: RHB Rubén Ayala
|
0-0: DOUBLE (Groundball, 5L)
|
Batting: RHB Raúl Torres
|
0-0: Foul Ball, location: 2F 0-1: Foul Ball, location: 2F 0-2: Ball 1-2: Foul Ball, location: 2F 1-2: Foul Ball, location: 2F 1-2: Foul Ball, location: 2F 1-2: SINGLE (Groundball, 34) Rubén Ayala to third
|
Batting: LHB Ernie Jackson
|
0-0: SINGLE (Groundball, 4M) Rubén Ayala scores Raúl Torres to second Runner from 2nd tries for 3rd, SAFE, no throw or cutoff
|
Batting: LHB Luis Pérez
|
0-0: Ball 1-0: Swinging Strike 1-1: Foul Ball, location: 2F 1-2: Foul Ball, location: 2F 1-2: Ball 2-2: Ball 3-2: Grounds into double play, 4-6-3 (Groundball, 4) Raúl Torres scores
|
Batting: RHB Jorge Ramírez
|
0-0: Swinging Strike 0-1: Ball 1-1: Ball 2-1: Called Strike 2-2: Strikes out swinging
|
Top of the 2nd over - 2 run(s), 3 hit(s), 0 error(s), 0 left on base; West Virginia 2 - BlackIron 0 |
BOTTOM OF THE 2ND |
BlackIron Dragons batting - Pitching for West Virginia Power : RHP Mark Sanders
|
Batting: SHB Tommy Bourassa
|
0-0: Ground out 3-1 (Groundball, 3)
|
Batting: LHB Rusty Clinton
|
0-0: Ball 1-0: Ball 2-0: DOUBLE (Line Drive, 6D)
|
Batting: RHB Ed Sims
|
0-0: Ground out U3 (Groundball, 3L) Rusty Clinton to third
|
Batting: RHB Leroy Jamison
|
0-0: Ball 1-0: Ball 2-0: Ball 3-0: Called Strike 3-1: Ground out 4-3 (Groundball, 4)
|
Bottom of the 2nd over - 0 run(s), 1 hit(s), 0 error(s), 1 left on base; West Virginia 2 - BlackIron 0 |
TOP OF THE 3RD |
West Virginia Power batting - Pitching for BlackIron Dragons : RHP Jeff Townsend
|
Batting: RHB Alfonso Huertas
|
0-0: Ball 1-0: Swinging Strike 1-1: Ball 2-1: Ground out 6-3 (Groundball, 6)
|
Batting: RHB Eric Johnson
|
0-0: Foul Ball, location: 2F 0-1: Ball 1-1: Ball 2-1: SINGLE (Line Drive, 4MD)
|
Batting: RHB Vicente Torres
|
0-0: Ball 1-0: Fly out, F2 (Popup, 2LF)
|
Batting: RHB Cristián Herrera
|
0-0: Ball 1-0: TRIPLE (Line Drive, 9LS) Eric Johnson scores
|
Batting: RHB Rubén Ayala
|
0-0: Ball 1-0: Ball 2-0: Ball 3-0: Called Strike 3-1: Fly out, F9 (Flyball, 89M)
|
Top of the 3rd over - 1 run(s), 2 hit(s), 0 error(s), 1 left on base; West Virginia 3 - BlackIron 0 |
BOTTOM OF THE 3RD |
BlackIron Dragons batting - Pitching for West Virginia Power : RHP Mark Sanders
|
Batting: RHB Mal Snyder
|
0-0: Ball 1-0: Bunt for hit - play at first, batter safe!
|
Batting: RHB Brian Jackson
|
0-0: Ball 1-0: Grounds into double play, 6-4-3 (Groundball, 6)
|
Batting: RHB Lúcio García
|
0-0: Foul Ball, location: 2F 0-1: Ball 1-1: Foul Ball, location: 2F 1-2: Ground out 1-3 (Groundball, 13)
|
Bottom of the 3rd over - 0 run(s), 1 hit(s), 0 error(s), 0 left on base; West Virginia 3 - BlackIron 0 |
TOP OF THE 4TH |
West Virginia Power batting - Pitching for BlackIron Dragons : RHP Jeff Townsend
|
Batting: RHB Raúl Torres
|
0-0: Fly out, F8 (Flyball, 8RM)
|
Batting: LHB Ernie Jackson
|
0-0: Ground out 4-3 (Groundball, 34)
|
Batting: LHB Luis Pérez
|
0-0: Called Strike 0-1: Foul Ball, location: 2F 0-2: DOUBLE (Flyball, 9LM)
|
Batting: RHB Jorge Ramírez
|
0-0: Called Strike 0-1: Ball 1-1: Ground out 4-3 (Groundball, 34)
|
Top of the 4th over - 0 run(s), 1 hit(s), 0 error(s), 1 left on base; West Virginia 3 - BlackIron 0 |
BOTTOM OF THE 4TH |
BlackIron Dragons batting - Pitching for West Virginia Power : RHP Mark Sanders
|
Batting: RHB Manuel Torres
|
0-0: Ball 1-0: SINGLE (Groundball, 56) (infield hit)
|
Batting: LHB Ralph Schultz
|
0-0: Ball 1-0: Swinging Strike 1-1: Fly out, F9 (Flyball, 89M)
|
Batting: SHB Tommy Bourassa
|
0-0: Called Strike 0-1: Ball 1-1: Called Strike 1-2: Fielders Choice at 2nd, 3-6 (Groundball, 34)
|
Batting: LHB Rusty Clinton
|
0-0: Called Strike 0-1: Ball 1-1: Called Strike 1-2: Fly out, F8 (Flyball, 78M)
|
Bottom of the 4th over - 0 run(s), 1 hit(s), 0 error(s), 1 left on base; West Virginia 3 - BlackIron 0 |
TOP OF THE 5TH |
West Virginia Power batting - Pitching for BlackIron Dragons : RHP Jeff Townsend
|
Batting: RHB Alfonso Huertas
|
0-0: Ball 1-0: Ball 2-0: Called Strike 2-1: Reached on error, E5 (Groundball, 5L)
|
Batting: RHB Eric Johnson
|
0-0: Called Strike 0-1: Reached on error, E6 (Groundball, 6) Alfonso Huertas to second
|
Batting: RHB Vicente Torres
|
0-0: Ball 1-0: DOUBLE (Flyball, 8RXD) Alfonso Huertas scores Eric Johnson to third Runner from 3rd tries for Home, SAFE, no throw or cutoff
|
Batting: RHB Cristián Herrera
|
0-0: Ball 1-0: TRIPLE (Groundball, 5L) Vicente Torres scores
|
Batting: RHB Rubén Ayala
|
0-0: Ball 1-0: Swinging Strike 1-1: Ball 2-1: Swinging Strike 2-2: Foul Ball, location: 2F 2-2: Foul Ball, location: 2F 2-2: Fly out, F7 (Popup, 78S)
|
Batting: RHB Raúl Torres
|
0-0: Called Strike 0-1: Reached on Error, E8 (Flyball, 8RM) Cristián Herrera scores
|
Batting: LHB Ernie Jackson
|
0-0: Ball 1-0: Ball 2-0: Ball 3-0: Called Strike 3-1: Called Strike Raúl Torres is caught stealing 2nd base 3-2: Strikes out swinging
|
Top of the 5th over - 4 run(s), 2 hit(s), 3 error(s), 0 left on base; West Virginia 7 - BlackIron 0 |
BOTTOM OF THE 5TH |
BlackIron Dragons batting - Pitching for West Virginia Power : RHP Mark Sanders
|
Batting: RHB Ed Sims
|
0-0: Ground out 4-3 (Groundball, 4M)
|
Batting: RHB Leroy Jamison
|
0-0: Called Strike 0-1: Swinging Strike 0-2: Fly out, F6 (Popup, 6)
|
Batting: RHB Mal Snyder
|
0-0: Ball 1-0: Called Strike 1-1: Ball 2-1: Swinging Strike 2-2: Ball 3-2: Base on Balls
|
Batting: RHB Brian Jackson
|
0-0: Ball 1-0: Called Strike 1-1: Foul Ball, location: 2F 1-2: Ball 2-2: Ball 3-2: Foul Ball, location: 2F 3-2: Foul Ball, location: 2F 3-2: Foul Ball, location: 2F 3-2: Foul Ball, location: 2F 3-2: SINGLE (Groundball, 56D) Mal Snyder to second Mal Snyder to third
|
Batting: RHB Lúcio García
|
0-0: Ball 1-0: Foul Ball, location: 2F 1-1: Swinging Strike 1-2: Foul Ball, location: 2F 1-2: Foul Ball, location: 2F 1-2: Ball 2-2: Ball 3-2: Fly out, F9 (Flyball, 9D)
|
Bottom of the 5th over - 0 run(s), 1 hit(s), 0 error(s), 2 left on base; West Virginia 7 - BlackIron 0 |
TOP OF THE 6TH |
West Virginia Power batting - Pitching for BlackIron Dragons : RHP Jeff Townsend
|
Batting: LHB Luis Pérez
|
0-0: Ground out 4-3 (Groundball, 4)
|
Batting: RHB Jorge Ramírez
|
0-0: Ball 1-0: Ball 2-0: Foul Ball, location: 2F 2-1: Foul Ball, location: 2F 2-2: Strikes out swinging
|
Batting: RHB Alfonso Huertas
|
0-0: Called Strike 0-1: Ball 1-1: Ground out U3 (Groundball, 3)
|
Top of the 6th over - 0 run(s), 0 hit(s), 0 error(s), 0 left on base; West Virginia 7 - BlackIron 0 |
BOTTOM OF THE 6TH |
BlackIron Dragons batting - Pitching for West Virginia Power : RHP Mark Sanders
|
Batting: RHB Manuel Torres
|
0-0: DOUBLE (Line Drive, 78M)
|
Batting: LHB Ralph Schultz
|
0-0: Called Strike 0-1: Called Strike 0-2: Ball 1-2: SINGLE (Line Drive, 56D) Manuel Torres to third Runner from 3rd tries for Home, throw and OUT!
|
Batting: SHB Tommy Bourassa
|
0-0: Foul Ball, location: 2F 0-1: Ball 1-1: Grounds into double play, 4-6-3 (Groundball, 4)
|
Bottom of the 6th over - 0 run(s), 2 hit(s), 0 error(s), 0 left on base; West Virginia 7 - BlackIron 0 |
TOP OF THE 7TH |
West Virginia Power batting - Pitching for BlackIron Dragons : RHP Jeff Townsend
|
Pitching: RHP Jayson Simms
|
|
Batting: RHB Eric Johnson
|
0-0: Called Strike 0-1: Ball 1-1: Swinging Strike 1-2: Fly out, F4 (Popup, 15)
|
Batting: RHB Vicente Torres
|
0-0: Called Strike 0-1: Ball 1-1: Called Strike 1-2: SINGLE (Groundball, 56S) (infield hit)
|
Batting: RHB Cristián Herrera
|
0-0: Ball Vicente Torres steals 2nd base 1-0: Ball 2-0: Ball 3-0: Base on Balls
|
Batting: RHB Rubén Ayala
|
0-0: Called Strike 0-1: SINGLE (Line Drive, 89S) Vicente Torres to third Cristián Herrera to second
|
Batting: RHB Raúl Torres
|
0-0: Called Strike 0-1: Ball 1-1: Swinging Strike 1-2: Strikes out swinging
|
Batting: LHB Ernie Jackson
|
0-0: Called Strike 0-1: Called Strike 0-2: Ball 1-2: Foul Ball, location: 2F 1-2: Foul Ball, location: 2F 1-2: Ball 2-2: Fly out, F3 (Popup, 3SF)
|
Top of the 7th over - 0 run(s), 2 hit(s), 0 error(s), 3 left on base; West Virginia 7 - BlackIron 0 |
BOTTOM OF THE 7TH |
BlackIron Dragons batting - Pitching for West Virginia Power : RHP Mark Sanders
|
Batting: LHB Rusty Clinton
|
0-0: Called Strike 0-1: Called Strike 0-2: Strikes out swinging
|
Batting: RHB Ed Sims
|
0-0: Ball 1-0: Called Strike 1-1: Ground out 4-3 (Groundball, 34S)
|
Batting: RHB Leroy Jamison
|
0-0: Called Strike 0-1: Foul Ball, location: 2F 0-2: Ball 1-2: Foul Ball, location: 2F 1-2: Ball 2-2: Foul Ball, location: 2F 2-2: Ground out 5-3 (Groundball, 5S)
|
Bottom of the 7th over - 0 run(s), 0 hit(s), 0 error(s), 0 left on base; West Virginia 7 - BlackIron 0 |
TOP OF THE 8TH |
West Virginia Power batting - Pitching for BlackIron Dragons : RHP Jayson Simms
|
Batting: LHB Luis Pérez
|
0-0: Swinging Strike 0-1: Ball 1-1: Foul Ball, location: 2F 1-2: Strikes out looking
|
Batting: RHB Jorge Ramírez
|
0-0: Called Strike 0-1: Called Strike 0-2: Ball 1-2: Ball 2-2: Foul Ball, location: 2F 2-2: Strikes out swinging
|
Batting: RHB Alfonso Huertas
|
0-0: Called Strike 0-1: Ball 1-1: Fly out, F8 (Flyball, 8LM)
|
Top of the 8th over - 0 run(s), 0 hit(s), 0 error(s), 0 left on base; West Virginia 7 - BlackIron 0 |
BOTTOM OF THE 8TH |
BlackIron Dragons batting - Pitching for West Virginia Power : RHP Mark Sanders
|
Batting: RHB Mal Snyder
|
0-0: Called Strike 0-1: Ground out 4-3 (Groundball, 34)
|
Batting: RHB Brian Jackson
|
0-0: Ball 1-0: Fly out, F9 (Flyball, 9M)
|
Batting: RHB Lúcio García
|
0-0: Ball 1-0: Called Strike 1-1: SINGLE (Groundball, 6MD)
|
Pitching: RHP Cory Lowe
|
|
Batting: RHB Manuel Torres
|
0-0: Foul Ball, location: 2F 0-1: Called Strike 0-2: Ball 1-2: Strikes out swinging
|
Bottom of the 8th over - 0 run(s), 1 hit(s), 0 error(s), 1 left on base; West Virginia 7 - BlackIron 0 |
TOP OF THE 9TH |
West Virginia Power batting - Pitching for BlackIron Dragons : RHP Jayson Simms
|
Batting: RHB Eric Johnson
|
0-0: Called Strike 0-1: Ball 1-1: Swinging Strike 1-2: Ball 2-2: Fly out, F7 (Popup, 7LSF)
|
Batting: RHB Vicente Torres
|
0-0: Ball 1-0: Ball 2-0: Ball 3-0: Base on Balls
|
Batting: RHB Cristián Herrera
|
0-0: Ball 1-0: Ball 2-0: Fielders Choice at 2nd, 1-6 (Groundball, 25)
|
Batting: RHB Rubén Ayala
|
0-0: Reached on error, E5 (Groundball, 5) Cristián Herrera to second
|
Batting: RHB Raúl Torres
|
0-0: Swinging Strike 0-1: Swinging Strike 0-2: Strikes out swinging
|
Top of the 9th over - 0 run(s), 0 hit(s), 1 error(s), 2 left on base; West Virginia 7 - BlackIron 0 |
BOTTOM OF THE 9TH |
BlackIron Dragons batting - Pitching for West Virginia Power : RHP Cory Lowe
|
Batting: LHB Ralph Schultz
|
0-0: Called Strike 0-1: Ball 1-1: Swinging Strike 1-2: Ball 2-2: Strikes out swinging
|
Batting: SHB Tommy Bourassa
|
0-0: Ground out U3 (Groundball, 3L)
|
Batting: LHB Rusty Clinton
|
0-0: Called Strike 0-1: Ball 1-1: Called Strike 1-2: Foul Ball, location: 2F 1-2: Strikes out swinging
|
Bottom of the 9th over - 0 run(s), 0 hit(s), 0 error(s), 0 left on base; West Virginia 7 - BlackIron 0 |
|